 Dungeon Crawl Stone Soup version 0.25-a0-598-gc9c9e4cfe1 (webtiles) character file.

Game seed: 11495270226695909061, levelgen mode: deterministic

32 Esekla the Charlatan (level 3, -5/17 HPs)
             Began as a Spriggan Artificer on Mar 16, 2020.
             Slain by an orc
             ... wielding a +2 hand axe of electrocution
              (17 damage)
             ... on level 4 of the Dungeon.
             The game lasted 00:08:37 (1696 turns).

Esekla the Charlatan (Spriggan Artificer)           Turns: 1696, Time: 00:08:38

Health: -5/17      AC:  2    Str:  8    XL:     3   Next: 8%
Magic:  7/7        EV: 19    Int: 13    God:
Gold:   196        SH:  0    Dex: 16    Spells: 4/4 levels left

rFire    . . .     SeeInvis +   a - +0 short sword
rCold    . . .     Gourm    .   (shield restricted)
rNeg     . . .     Faith    .   b - +0 robe
rPois    .         Spirit   .   (helmet restricted)
rElec    .         Reflect  .   (no cloak)
rCorr    .         Harm     .   (gloves unavailable)
MR       .....                  (boots unavailable)
Stlth    ++........             (no amulet)
HPRegen  0.05/turn              n - ring of wizardry
MPRegen  0.10/turn              (no ring)

@: very quick
A: very small, unfitting armour, see invisible, herbivore, speed 3, slow
metabolism 2
a: no special abilities


You were on level 4 of the Dungeon.
You were not hungry.

You visited 1 branch of the dungeon, and saw 4 of its levels.

You collected 196 gold pieces.

Inventory:

Hand Weapons
 a - a +0 short sword (weapon)
Missiles
 r - 4 boomerangs (quivered)
Armour
 b - a +0 robe (worn)
 t - a scarf of spirit shield
Jewellery
 n - a ring of wizardry (left hand)
Wands
 c - a wand of flame (15)
 d - a wand of enslavement (15)
 e - a wand of random effects (15)
Scrolls
 i - a scroll of random uselessness {unknown}
 l - a scroll of teleportation {unknown}
 m - a scroll of amnesia {unknown}
 o - 2 scrolls of remove curse {unknown}
 p - a scroll of identify {unknown}
 q - a scroll of fear {unknown}
Potions
 g - 2 potions of invisibility {unknown}
 h - a potion of heal wounds {unknown}
 j - 2 potions of curing {unknown}
 k - a potion of brilliance {unknown}
 s - a potion of lignification {unknown}
Comestibles
 f - 7 rations


   Skills:
 - Level 0.7 Fighting
 * Level 2.1 Short Blades
 * Level 3.9 Dodging
 + Level 2.0 Stealth
 * Level 1.2 Spellcasting
 - Level 4.0 Evocations


You had 4 spell levels left.
You didn't know any spells.
Your spell library was empty.

Dungeon Overview and Level Annotations

Branches:
Dungeon (4/15)
 Temple: D:4-7

Altars:
Nemelex Xobeh
Yredelemnul


Innate Abilities, Weirdness & Mutations

You are very small and have problems with some larger weapons.
You are too small for most types of armour.
You have supernaturally acute eyesight. (SInv)
You are a herbivore.
You cover ground extremely quickly.
You need to consume almost no food.


Message History

Found a fuming red potion.
You see here an embroidered scarf.
t - an embroidered scarf The giant cockroach misses you.
You see here a fuming red potion.
j - 2 fuming red potions (gained 1)
You closely miss the giant cockroach. The giant cockroach closely misses you.
The giant cockroach waves its antennae.
The giant cockroach misses you.
You hit the giant cockroach but do no damage.
The giant cockroach misses you.
You barely miss the giant cockroach. The giant cockroach closely misses you.
The orc hits you with a +2 hand axe of electrocution.
The giant cockroach misses you.
You hit the orc.
The orc is moderately wounded.
The giant cockroach barely misses you. The orc hits you but does no damage.
You are electrocuted!
Ouch! That really hurt!
You die...

## ##. #.. #..#
##..# . #...## ..#
#....# #..# .#
#..oo##...# .#
#..#s@..# .#
####.....## .#
#####.......##
.#####..........##
................##
..................#
...###........####..
..........###..# #
.......#### ##..#


You could see 2 orcs and a giant cockroach.

Vanquished Creatures
  2 dart slugs
  A leopard gecko (D:2)
  A giant cockroach (D:1)
  6 goblins
  3 hobgoblins
  A ball python (D:1)
  3 bats
  2 frilled lizards
  A kobold (D:1)
  7 rats
27 creatures vanquished.

Notes
Turn   | Place    | Note
-------+----------+-------------------------------------------
     0 | D:1      | Esekla the Spriggan Artificer began the quest for the Orb.
     0 | D:1      | Reached XP level 1. HP: 9/9 MP: 4/4
     6 | D:1      | Noticed a five-headed hydra
     9 | D:1      | Noticed a six-headed hydra
   148 | D:1      | Reached XP level 2. HP: 12/14 MP: 6/6
   352 | D:1      | Reached skill level 1 in Spellcasting
   394 | D:2      | Found a sparkling altar of Nemelex Xobeh.
  1457 | D:3      | Reached XP level 3. HP: 15/17 MP: 7/7
  1511 | D:3      | Found a basalt altar of Yredelemnul.
  1696 | D:4      | Slain by an orc

Levels and vault maps discovered:
D:1:      sevenhm_arrival_forest_fort_small_2, layout_basic, minmay_tromino_i2
D:2:      layout_basic, nemelex_xobeh_ov_fountains_minmay, minitemple
D:3:      cheibrodos_old_hovel, layout_basic, lemuel_crystal_altar, first_ration
D:4:      layout_cave_pods, minmay_temple_entry_proselytizer, minmay_quantized

Skill      XL: |  1  2  3 |
---------------+----------+-----
Spellcasting   | 1 |  1.2
Short Blades   | 2 |  2.1
Stealth        | 2 |  2.0
Fighting       | |  0.7
Dodging        | |  3.9
Evocations     | |  4.0

Action                   || total
-------------------------++-------
Melee: Short sword       ||   115
Throw: Boomerang         ||     9
 Stab: Sleeping          ||     5
Armor: Robe              ||     8
Dodge: Dodged            ||   105

Table legend:
 A = Non-vault XP
 B = Vault XP
 C = Vault XP percentage of total XP
 D = Non-vault monster count
 E = Vault monster count
 F = Vault count percentage of total count
                 A         B        C        D         E       F
            +---------+---------+-------+---------+---------+-------
      Total |      43 |       3 |   6.5 |      25 |       2 |   7.4
            +---------+---------+-------+---------+---------+-------
        D:1 |      18 |       3 |  14.3 |      12 |       2 |  14.3
        D:2 |      13 |       0 |   0.0 |       6 |       0 |   0.0
        D:3 |      12 |       0 |   0.0 |       7 |       0 |   0.0
            +---------+---------+-------+---------+---------+-------
